 Dungeon Crawl Stone Soup version 0.27-a0-96-gb51a1d6fd6 (webtiles) character file.

Game seed: 9882564255183009307

22891 kae the Grappler (level 12, -2/109 HPs)
             Began as a Troll Fighter on Jan 19, 2021.
             Was an Elder of Qazlal.
             Slain by a ten-headed hydra (12 damage)
             ... on level 1 of the Lair of Beasts.
             The game lasted 00:11:01 (14570 turns).

kae the Grappler (Troll Fighter)                   Turns: 14570, Time: 00:11:02

Health: -2/109     AC:  9    Str: 35    XL:     12   Next: 67%
Magic:  27/27      EV: 13    Int: 10    God:    Qazlal [****..]
Gold:   1631       SH:  5    Dex:  9    Spells: 11/11 levels left

rFire    . . .     SeeInvis .     - Unarmed
rCold    + . .     Faith    .   (no shield)
rNeg     . . .     Spirit   .   r - +0 robe "Ecreppurgh" {*Contam Str+4}
rPois    .         Reflect  .   z - +0 hat
rElec    +         Harm     .   a - +2 cloak
rCorr    .         Rampage  .   (gloves unavailable)
Will     .....                  (boots unavailable)
Stlth    +.........             x - amulet "Linav" {RegenMP rElec rC+ Int+6}
HPRegen  0.68/turn              A - ring of magical power
MPRegen  0.45/turn              b - ring of flight

@: repel missiles
A: large, unfitting armour, claws 3, blink, frail 1, high mp 1, regeneration 1,
shaggy fur 1, tough skin 3
a: Blink, Renounce Religion, Evoke Flight, Upheaval, Elemental Force


You were on level 1 of the Lair of Beasts.
You worshipped Qazlal.
Qazlal was greatly pleased with you.
You visited 2 branches of the dungeon, and saw 13 of its levels.

You collected 2238 gold pieces.
You spent 607 gold pieces at shops.

Inventory:

Armour
 a - a +2 cloak (worn)
 p - a +1 robe of fire resistance
 r - the +0 robe "Ecreppurgh" (worn) {*Contam Str+4}
   (You bought it in a shop on level 7 of the Dungeon)

   It affects your strength (+4).
   It causes magical contamination when unequipped.
 z - a +0 hat (worn)
 E - a +0 troll leather armour
Jewellery
 b - a ring of flight (right claw)
 i - an uncursed ring of see invisible
 u - the ring "Xixas" {+Fly rF+++ rC- Int+5}
   (You found it on level 9 of the Dungeon)

   [ring of flight]

   It affects your intelligence (+5).
   It renders you almost immune to fire.
   It makes you vulnerable to cold.
   It lets you fly.
 x - the amulet "Linav" (around neck) {RegenMP rElec rC+ Int+6}
   (You acquired it on level 1 of the Lair of Beasts)

   [amulet of magic regeneration]

   It increases your magic regeneration.
   It affects your intelligence (+6).
   It protects you from cold.
   It insulates you from electricity.
 A - a ring of magical power (left claw)
 F - an uncursed ring of protection from cold
 H - an uncursed ring of magical power
Wands
 m - a wand of digging (10)
 v - a wand of iceblast (21)
 w - a wand of flame (13)
 y - a wand of paralysis (12)
 B - a wand of acid (9)
Scrolls
 d - 5 scrolls of teleportation
 g - 3 scrolls of identify
 j - a scroll of enchant armour
 k - a scroll of immolation
 l - 3 scrolls of enchant weapon
 s - 2 scrolls of amnesia
 C - a scroll of brand weapon
 D - a scroll of remove curse
 I - a scroll of magic mapping
Potions
 c - 4 potions of might
 e - 3 potions of curing
 f - 2 potions of lignification
 h - a potion of attraction
 n - a potion of haste
 o - 2 potions of resistance
 q - 3 potions of flight
 t - 3 potions of magic
 G - a potion of cancellation


   Skills:
 + Level 8.8 Fighting
 + Level 8.8 Dodging
 - Level 2.4 Shields
 * Level 13.7 Unarmed Combat
 + Level 7.6 Invocations


You had 11 spell levels left.
You didn't know any spells.
Your spell library contained the following spells:

 Spells                   Type           Power        Failure   Level
 Beastly Appendage        Tmut           0%           36%         1
 Foxfire                  Conj/Fire      0%           36%         1
 Pain                     Necr           0%           36%         1
 Sandblast                Erth           0%           36%         1
 Summon Small Mammal      Summ           0%           36%         1
 Call Imp                 Summ           0%           50%         2
 Passwall                 Tmut/Erth      0%           50%         2
 Wereblood                Tmut           0%           50%         2
 Call Canine Familiar     Summ           0%           75%         3
 Conjure Flame            Conj/Fire      0%           75%         3
 Inner Flame              Hex/Fire       0%           75%         3
 Spider Form              Tmut/Pois      0%           75%         3
 Stone Arrow              Conj/Erth      0%           75%         3
 Summon Guardian Golem    Hex/Summ       0%           75%         3
 Vampiric Draining        Necr           0%           75%         3
 Dispel Undead            Necr           0%           98%         4
 Ice Form                 Ice/Tmut       0%           98%         4
 Petrify                  Tmut/Erth      0%           98%         4
 Summon Ice Beast         Ice/Summ       0%           98%         4
 Summon Lightning Spire   Summ/Air       0%           98%         4
 Blade Hands              Tmut           0%           100%        5
 Borgnjor's Vile Clutch   Necr/Erth      0%           100%        5
 Lee's Rapid Deconstruct  Erth           0%           100%        5


Dungeon Overview and Level Annotations

Branches:
Dungeon (12/15)            Temple (0/1) D:6            Lair (1/6) D:11
    Orc (0/2) D:9

Altars:
Dithmenos
Gozag
Makhleb
Okawaru
Qazlal
Wu Jian
Yredelemnul

Shops:
D:4 :*(*   D:7 [   D:9 [(   D:11 *

Annotations:
D:4 2 transporters, Hypnagogic's ghost, novice DECj


Innate Abilities, Weirdness & Mutations

You are too large for most types of armour.
You have claws for hands.
Your natural rate of healing is unusually fast.
You are covered in fur. (AC +1)
You have extremely tough skin. (AC +3)
You can translocate small distances at will.
You are frail. (-10% HP)
You have an increased reservoir of magic. (+10% MP)


Message History

You are too injured to fight recklessly!
You are too injured to fight recklessly!
You rip one of the eight-headed hydra's heads off!
The seven-headed hydra grows two more!
You claw the nine-headed hydra!
The nine-headed hydra is moderately wounded.
A yak comes into view.
You claw one of the nine-headed hydra's heads off!
The eight-headed hydra grows two more!
You scratch the ten-headed hydra.
The ten-headed hydra is moderately wounded.
The ten-headed hydra closely misses you.
The ten-headed hydra bites you! x2
* * * LOW HITPOINT WARNING * * *
You block the ten-headed hydra's attack.
The ten-headed hydra bites you but does no damage. x2
The ten-headed hydra bites you!
* * * LOW HITPOINT WARNING * * *
You block the ten-headed hydra's attack.
The ten-headed hydra closely misses you.
The ten-headed hydra bites you!
You die...

...# .Y.. . #..#
..... ##. #..#
...... #P..
#..##..Y....
....##..#........
......○..#......#
#.......#D......#
#..@#......##
#..§P.......#
#°°.○§.....# .......
##..........#
#......
#...##..[...#
#......
##..##..P...#
#......
#..##..##..###......
#..##...#..##P......
#..#...##...##......


You could see a ten-headed hydra and 2 yaks.

Vanquished Creatures
  A stone giant (D:10)
  A boulder beetle (D:10)
  A centaur warrior (D:10)
  2 hydras
  5 skeletal warriors
  4 unseen horrors
  A manticore (D:11)
  2 ugly things (D:10)
  2 cyclopes
  A centaur zombie (D:12)
  A black mamba (Lair:1)
  3 cane toads (Lair:1)
  A redback zombie (D:12)
  4 trolls
  Grinder (D:4)
  3 blink frogs (Lair:1)
  A wyvern (D:10)
  A vampire (D:12)
  13 yaks
  A basilisk (Lair:1)
  2 wargs (D:11)
  2 water moccasins
  8 orc warriors
  An ice beast (D:9)
  3 sky beasts
  4 phantoms
  2 black bears
  2 necrophages (D:10)
  4 ogres
  11 centaurs
  3 big kobolds
  A wyvern zombie (D:6)
  7 bullfrogs
  Blork the orc (D:5)
  4 scorpions
  A wyvern skeleton (D:10)
  4 howler monkeys
  14 wights
  3 electric eels
  A bullfrog zombie (D:8)
  A crimson imp (D:10)
  2 quasits
  6 orc priests
  5 jellies
  2 bullfrog skeletons
  7 hounds
  13 orc wizards
  2 centaur skeletons
  An iguana (D:6)
  9 worker ants
  A killer bee zombie (D:10)
  A hound zombie (D:9)
  A hound skeleton (D:6)
  3 worker ant zombies
  12 adders
  4 gnolls (D:8)
  A shadow imp (D:8)
  4 white imps
  A worker ant simulacrum (D:10)
  2 ufetubi
  3 oozes
  2 worms (D:2)
  2 dart slugs
  A leopard gecko (D:2)
  45 orcs
  5 giant cockroaches
  5 hobgoblins
  13 jackals
  6 quokkas
  2 ball pythons
  2 bats (D:3)
  4 frilled lizards
  7 goblins
  15 kobolds
  A quokka zombie (D:5)
  6 rats
324 creatures vanquished.

Vanquished Creatures (others)
  A troll (D:12)
  A centaur (D:12)
  3 fungi (Lair:1)
  11 plants
16 creatures vanquished.

Grand Total: 340 creatures vanquished

Notes
Turn   | Place    | Note
-------+----------+-------------------------------------------
     0 | D:1      | kae the Troll Fighter began the quest for the Orb.
     0 | D:1      | Reached XP level 1. HP: 22/22 MP: 0/0
   221 | D:1      | Reached XP level 2. HP: 28/29 MP: 1/1
   934 | D:2      | Reached skill level 3 in Unarmed Combat
   934 | D:2      | Reached XP level 3. HP: 36/36 MP: 2/2
  1190 | D:2      | Reached XP level 4. HP: 44/44 MP: 3/3
  1536 | D:2      | Found an opulent altar of Gozag.
  2039 | D:3      | Found a shadowy altar of Dithmenos.
  2601 | D:4      | Noticed Grinder
  2601 | D:4      | Noticed an ogre
  2602 | D:4      | Found Jynwi's Assorted Antiques.
  2754 | D:4      | Reached skill level 4 in Unarmed Combat
  2754 | D:4      | Reached XP level 5. HP: 48/53 MP: 4/4
  2966 | D:4      | Reached XP level 6. HP: 61/61 MP: 5/5
  2998 | D:4      | Noticed Hypnagogic's ghost (novice DECj)
  3009 | D:4      | Reached skill level 5 in Unarmed Combat
  3033 | D:4      | Found Gehor's Assorted Antiques.
  3038 | D:4      | Bought an orange potion for 20 gold pieces
  3038 | D:4      | Bought a scroll labelled LECRUL JOSOE for 23 gold pieces
  3038 | D:4      | Bought a scroll labelled NIFEZI KOOSHUT for 23 gold pieces
  3076 | D:4      | Killed Grinder
  3077 | D:4      | Reached XP level 7. HP: 39/70 MP: 6/6
  3133 | D:4      | Found Cyxkyabe's Book Emporium.
  3142 | D:4      | Bought a scroll labelled LEDIUGINUE for 25 gold pieces
  3142 | D:4      | Bought a scroll labelled ZIGOIL GOPE for 25 gold pieces
  3142 | D:4      | Bought a murky green potion for 22 gold pieces
  3142 | D:4      | Bought a scroll labelled VOIBOX BANLESM for 25 gold pieces
  3194 | D:4      | Found Atiug's Antique Weapon Boutique.
  3222 | D:4      | Reached skill level 6 in Unarmed Combat
  3419 | D:4      | Found a transporter.
  3420 | D:4      | Found a transporter.
  3448 | D:5      | Entered Level 5 of the Dungeon
  3825 | D:5      | Reached skill level 7 in Unarmed Combat
  3825 | D:5      | Reached XP level 8. HP: 79/79 MP: 7/7
  4048 | D:5      | Found a burning altar of Makhleb.
  4633 | D:6      | Found a stormy altar of Qazlal.
  4688 | D:6      | Reached skill level 5 in Fighting
  4688 | D:6      | Reached skill level 5 in Dodging
  4776 | D:6      | Became a worshipper of Qazlal Stormbringer
  4894 | D:6      | Noticed Blork the orc
  4897 | D:6      | Reached skill level 8 in Unarmed Combat
  5001 | D:5      | Killed Blork the orc
  5040 | D:6      | Reached skill level 1 in Invocations
  5072 | D:6      | Found a staircase to the Ecumenical Temple.
  5435 | D:7      | Found an ornate altar of the Wu Jian Council.
  5461 | D:7      | Found Inuijoe's Antique Armour Shop.
  5464 | D:7      | Bought an opalescent robe for 142 gold pieces
  5474 | D:7      | Identified the cursed +0 robe "Ecreppurgh" {*Contam Str+4}
                  | (You bought it in a shop on level 7 of the Dungeon)
  5606 | D:7      | Reached XP level 9. HP: 69/88 MP: 9/9
  5705 | D:6      | Reached * piety under Qazlal
  6289 | D:8      | Reached skill level 9 in Unarmed Combat
  7446 | D:9      | Found Omoelot's Weapon Shop.
  7449 | D:9      | Found a staircase to the Orcish Mines.
  7455 | D:9      | Found Xuemoan's Armour Shop.
  7481 | D:9      | Bought a +2 cloak for 214 gold pieces
  7670 | D:9      | Reached ** piety under Qazlal
  7687 | D:9      | Got a warped amber ring
  7876 | D:9      | Found an iron altar of Okawaru.
  7877 | D:9      | Found a basalt altar of Yredelemnul.
  8669 | D:10     | Entered Level 10 of the Dungeon
  8681 | D:9      | Reached skill level 10 in Unarmed Combat
  8681 | D:9      | Reached XP level 10. HP: 89/98 MP: 11/11
  8916 | D:10     | Reached *** piety under Qazlal
  8968 | D:10     | Noticed an unseen horror
  8984 | D:10     | Killed an unseen horror
  9418 | D:10     | Reached skill level 11 in Unarmed Combat
  9788 | D:10     | Reached skill level 5 in Invocations
  9801 | D:10     | Noticed an unseen horror
  9810 | D:10     | Killed an unseen horror
  9954 | D:10     | Reached XP level 11. HP: 100/109 MP: 13/13
  9957 | D:10     | Noticed an unseen horror
  9970 | D:10     | Killed an unseen horror
  9970 | D:10     | Reached **** piety under Qazlal
  9989 | D:10     | Noticed a skeletal warrior
 10034 | D:10     | Killed a skeletal warrior
 10221 | D:10     | Noticed a stone giant
 10228 | D:10     | Killed a stone giant
 10272 | D:10     | Noticed a centaur warrior
 10274 | D:10     | Killed a centaur warrior
 10275 | D:10     | Reached skill level 12 in Unarmed Combat
 10334 | D:10     | Noticed a cyan ugly thing
 10340 | D:10     | Killed a cyan ugly thing
 10410 | D:10     | Noticed a red ugly thing
 10420 | D:10     | Killed a red ugly thing
 10570 | D:10     | Noticed a seven-headed hydra
 10573 | D:10     | Killed a seven-headed hydra
 10672 | D:10     | Noticed a boulder beetle
 10714 | D:10     | Killed a boulder beetle
 10828 | D:10     | Identified the Grimoire of Flamy Black Magic
 10834 | D:10     | Identified the ring "Xixas" {+Fly rF+++ rC- Int+5} (You
                  | found it on level 9 of the Dungeon)
 11309 | D:11     | Found Leuhoc's General Store.
 11317 | D:11     | Bought a potion of mutation for 88 gold pieces
 11359 | D:11     | Reached XP level 12. HP: 119/119 MP: 16/16
 11400 | D:11     | Found a staircase to the Lair.
 11781 | D:11     | Gained mutation: Your body sometimes deteriorates upon
                  | taking damage. [potion of mutation]
 11781 | D:11     | Gained mutation: You are clumsy. (Dex -2) [potion of
                  | mutation]
 11781 | D:11     | Gained mutation: You have an increased reservoir of magic.
                  | (+10% MP) [potion of mutation]
 11781 | D:11     | Lost mutation: You are clumsy. (Dex -2) [potion of
                  | mutation]
 11782 | D:11     | Lost mutation: Your body sometimes deteriorates upon taking
                  | damage. [potion of mutation]
 11782 | D:11     | Gained mutation: You are frail. (-10% HP) [potion of
                  | mutation]
 11782 | D:11     | Gained mutation: You can translocate small distances at
                  | will. [potion of mutation]
 12190 | D:12     | Reached skill level 13 in Unarmed Combat
 12550 | D:12     | Noticed a four-headed hydra
 12556 | D:12     | HP: 5/109 [eight-headed hydra (9)]
 12559 | D:12     | Killed an eight-headed hydra
 12714 | D:12     | Paralysed by a wight for 2 turns
 13863 | Lair:1   | Entered Level 1 of the Lair of Beasts
 14209 | Lair:1   | Identified a scroll of acquirement
 14209 | Lair:1   | Acquired the amulet "Linav" {RegenMP rElec rC+ Int+6}
 14563 | Lair:1   | Noticed a seven-headed hydra
 14570 | Lair:1   | Slain by a ten-headed hydra

Illustrated notes

Levels and vault maps discovered:
D:1:      dpeg_arrival_boxes_within_box, layout_basic, kennysheep_flooded_box,
          amcnicky_mini_pool_small, minmay_heptomino_d4
D:2:      minmay_spotlight, layout_basic, lemuel_crystal_altar
D:3:      layout_basic, old_standard_altar, due_unseen_surprise
D:4:      layout_rooms, gammafunk_ghost_gnarly_gnolls, serial_shops, shop, shop,
          shop, nicolae_shop_crystal, uniq_grinder
D:5:      layout_basic, basic_altar
D:6:      layout_rooms, grunt_qazlal_clouds, minmay_temple_entry_water_ring,
          uniq_blork_the_orc
D:7:      layout_basic, nicolae_overflow_hidden_temple, serial_shops,
          nicolae_shop_trees, fountainhead
D:8:      layout_basic
D:9:      layout_small_grid, gammafunk_temple_overflow_statue, orc_david_3,
          serial_co_window_serial, co_window_paths_a,
          co_window_of_opportunity_a, co_window_of_opportunity_a,
          co_window_paths_a, co_window_paths_a, co_window_of_opportunity_a,
          co_window_paths_b, co_window_broadway_b, co_window_cross_4,
          co_window_unsneaky_path_a, co_window_unsneaky_path_e,
          co_window_cross_2, glass_columns_a, glass_columns_b, glass_columns_b,
          glass_columns_a, glass_columns_a, minmay_misc_feat_ornament
D:10:     minmay_the_grid_square_5x5_4x4
          [minmay_the_grid_square_5x5_tetrominoes,
          minmay_the_grid_square_5x5_one_wall,
          minmay_the_grid_square_5x5_intrusive_squares,
          minmay_the_grid_square_5x5_spiral_small, minmay_the_grid_square_5x5_n,
          minmay_the_grid_square_5x5_prize_monsterx,
          minmay_the_grid_square_5x5_prize_open,
          minmay_the_grid_square_5x5_checkered_sparse,
          minmay_the_grid_square_5x5_corner,
          minmay_the_grid_square_5x5_prize_gold,
          minmay_the_grid_square_5x5_prize_deathbox,
          minmay_the_grid_square_5x5_eight_small,
          minmay_the_grid_square_5x5_inner_i, minmay_the_grid_square_5x5_spiral,
          minmay_the_grid_square_5x5_checkered_statues,
          minmay_the_grid_square_5x5_mess], layout_cave_pools,
          minmay_fire_ice_demons
D:11:     layout_big_octagon, erik_lair_orcish_takeover, serial_shops,
          nicolae_shop_statue_plus
D:12:     layout_layer_cave
Lair:1:   layout_long_grid, serial_bayou_pond_d, wad_woods_road_06,
          nicolae_quartered_pool_super, lemuel_fruit_fields

Skill      XL: |  1  2  3  4  5  6  7  8  9 10 11 12 |
---------------+-------------------------------------+-----
Unarmed Combat | 3 4 5 7 8 10 11 12 13 | 13.7
Dodging        | 3 4 5 6 7 8 |  8.8
Fighting       | 3 4 5 6 7 8 |  8.8
Invocations    | 1 3 5 6 7 |  7.6
Shields        | |  2.4

Action                   |  1- 3 |  4- 6 |  7- 9 | 10-12 || total
-------------------------+-------+-------+-------+-------++-------
Melee: Unarmed           |    71 |   128 |   353 |   443 ||   995
       Punch             |       |     1 |    12 |    31 ||    44
Invok: Upheaval          |       |       |       |     4 ||     4
 Abil: Blink             |       |       |       |     1 ||     1
  Use: Scroll            |       |     5 |    16 |    10 ||    31
       Potion            |       |     1 |       |     5 ||     6
Armor: Robe              |    22 |    44 |   113 |   109 ||   288
Dodge: Dodged            |    27 |    58 |   217 |   243 ||   545
       Repelled          |       |       |       |     3 ||     3
Block: Other             |       |       |     9 |    83 ||    92

Table legend: (Time is in decaauts)
 A = Elapsed time spent in this place.
 B = Non-inter-level travel time spent in this place.
 C = Inter-level travel time spent in this place.
 D = Time resting spent in this place.
 E = Time spent auto-exploring this place.
 F = Levels seen in this place.
 G = Mean time per level.
                   A        B        C        D        E       F      G
               +--------+--------+--------+--------+--------+-----+--------+
         Total |  14426 |  13648 |    778 |   3040 |   8501 |  13 | 1109.7 |
       Dungeon |  13861 |  13087 |    774 |   2910 |   8173 |  12 | 1155.1 |
          Lair |    565 |    561 |      4 |    130 |    328 |   1 |  565.0 |
               +--------+--------+--------+--------+--------+-----+--------+

Top non-repeatable levels by time:
    D:10: 2035 daAuts
    D:12: 1670 daAuts
     D:9: 1414 daAuts
    D:11: 1316 daAuts
     D:8: 1309 daAuts
     D:5: 1212 daAuts
     D:3: 961 daAuts
     D:2: 898 daAuts
     D:6: 895 daAuts
     D:1: 822 daAuts
     D:4: 750 daAuts
     D:7: 574 daAuts
  Lair:1: 565 daAuts
